 Dungeon Crawl Stone Soup version 0.30-a0-824-g6c64550be9 (webtiles) character file.

Game seed: 2565664113572930874

42 domi the Sneak (level 3, -3/18 HPs)
             Began as a Vine Stalker Brigand on Feb 27, 2023.
             Slain by a goblin
             ... wielding a +0 dagger
             ... led by Robin
              (4 damage)
             ... on level 2 of the Dungeon.
             The game lasted 00:01:28 (1120 turns).

domi the Sneak (Vine Stalker Brigand)               Turns: 1120, Time: 00:01:29

Health: -3/18      AC:  3    Str: 13    XL:     3   Next: 56%
Magic:  0/5        EV: 12    Int: 11    God:
Gold:   74         SH:  0    Dex: 17    Spells: 3/3 levels left

rFire   . . .      SeeInvis .    a - +2 dagger
rCold   . . .      Faith    .    (no shield)
rNeg    . . .      Spirit   +    b - +0 robe
rPois   .          Reflect  .    (no helmet)
rElec   .          Harm     .    c - +0 cloak
rCorr   .          Rampage  .    (no gloves)
Will    .....                    (no boots)
Stlth   +++                      (no amulet)
HPRegen 0.23/turn                (no ring)
MPRegen 0.09/turn                (no ring)

@: no status effects
A: fangs 2, magic shield, antimagic bite, no potion heal 2
a: no special abilities


You were on level 2 of the Dungeon.
You visited 1 branch of the dungeon, and saw 2 of its levels.

You collected 74 gold pieces.

Inventory:

Hand Weapons
 a - a +2 dagger (weapon)
Missiles
 d - 18 poisoned darts
 e - 3 curare-tipped darts {=f}
Armour
 b - a +0 robe (worn)
 c - a +0 cloak (worn)
Scrolls
 f - 5 scrolls of identify {unknown}
 i - a scroll of enchant weapon {unknown}
 j - a scroll of amnesia {unknown}
Potions
 g - a potion of flight {unknown}
 h - 2 potions of mutation {unknown}
 k - 2 potions of curing {unknown}


   Skills:
 + Level 2.1 Fighting
 + Level 2.1 Short Blades
 - Level 2.0 Throwing
 + Level 1.1 Dodging
 * Level 5.5 Stealth
 + Level 0.7 Spellcasting


You had 3 spell levels left.
You didn't know any spells.
Your spell library contained the following spells:

 Spells                   Type           Power      Damage    Failure   Level
 Kiss of Death            Conj/Necr      0%         2d5       32%         1
 Magic Dart               Conj           0%         1d3       32%         1
 Call Imp                 Summ           0%         N/A       45%         2
 Confusing Touch          Hex            0%         N/A       69%         3
 Mephitic Cloud           Conj/Pois/Air  0%         N/A       69%         3
 Dispel Undead            Necr           0%         3d6       97%         4
 Leda's Liquefaction      Hex/Erth       0%         N/A       97%         4
 Passage of Golubria      Tloc           0%         N/A       97%         4
 Lee's Rapid Deconstruct  Erth           0%         3d4*      100%        5
 Silence                  Hex/Air        0%         N/A       100%        5
 Statue Form              Tmut/Erth      0%         N/A       100%        6
 Lehudib's Crystal Spear  Conj/Erth      0%         10d2      100%        8


Dungeon Overview and Level Annotations

Branches:
Dungeon (2/15)

Altars:

Shops:
D:1 ?

Annotations:
D:2 Jessica, Robin


Innate Abilities, Weirdness & Mutations

You have extremely sharp teeth.
When hurt, damage is shared between your health and your magic reserves.
Your bite disrupts and absorbs the magic of your enemies.
Potions cannot restore your health.


Message History

You hit the endoplasm. The endoplasm barely misses you.
An endoplasm is nearby!
You hit the endoplasm.
You kill the endoplasm!
No target in view!
No target in view!
There is a stone staircase leading down here.
You see here a +0 short sword.
You open the door.
There is an open door here.
There is a stone staircase leading up here.
There is a stone staircase leading up here.
You open the door.
Found an escape hatch in the floor.
No target in view!
Jessica the Apprentice Sorceress comes into view.
She is wielding a +1 dagger of speed and carrying a wand of flame (15).
There is an escape hatch in the ceiling here.
There is an open door, spattered with blood here.
You see here a ball python skeleton.
Found a stone staircase leading down.
You open the door.
A worm comes into view.
There is an open door here.
A worm is nearby!
You hit the worm. You bite the worm. You drain its power. The worm misses you.
You hit the worm. You bite the worm.
You kill the worm!
No target in view!
No target in view!
You pick up a book of Touch and begin reading...
You add the spells Kiss of Death, Confusing Touch and Dispel Undead to your library.
You now have 74 gold pieces (gained 19).
You open the door.
There is an open door here.
You open the door.
There is an open door here.
You open the door.
There is an open door here.
There is an open door here.
There is an open door here.
A ball python comes into view.
A ball python is nearby!
A ball python is nearby!
A ball python is nearby!
An endoplasm comes into view.
You see here a +0 dagger.
A kobold comes into view. It is wielding a +0 short sword.
The endoplasm quivers.
The helpless ball python fails to defend itself.
You impale the ball python!!
You kill the ball python!
There are monsters nearby!
The endoplasm freezes you.
You are frozen.
There are monsters nearby!
You completely miss the endoplasm. You bite the endoplasm. You drain its power.
The endoplasm hits you but does no damage.
There are monsters nearby!
You hit the endoplasm. Your bite misses the endoplasm.
The endoplasm freezes you.
You are frozen.
You hit the endoplasm.
You kill the endoplasm! 3 goblins come into view.
The goblin shouts! x2; You hear a shout! x4
A goblin comes into view. It is wielding a +0 dagger.
A goblin comes into view. It is wielding a +0 club.
A goblin comes into view. It is wielding a +0 dagger.
There are monsters nearby! 2 goblins come into view.
The goblin shouts! x2
A hobgoblin comes into view.
A goblin comes into view. It is wielding a +0 dagger.
You hear a shout!
There are monsters nearby!
Robin and a goblin come into view.
Robin roars a battlecry!
The goblins go into a battle-frenzy!
The kobold shouts!
The hobgoblin shouts!
The goblin hits you but does no damage. The goblin attacks as you move away!
The goblin hits you with a +0 dagger. The goblin attacks as you move away!
The goblin hits you with a +0 club. The goblin hits you with a +0 dagger.
The goblin attacks as you move away! The goblin hits you with a +0 dagger.
Robin throws the goblin at you!
The goblin shouts!
You hit the goblin but do no damage. The goblin closely misses you.
The kobold hits you but does no damage. The goblin closely misses you.
You barely miss the goblin. Your bite misses the goblin.
The goblin hits you with a +0 dagger.
* * * LOW HITPOINT WARNING * * *
The kobold hits you with a +0 short sword.
* * * LOW HITPOINT WARNING * * *
The goblin hits you with a +0 dagger.
* * * LOW HITPOINT WARNING * * *
The goblin hits you with a +0 dagger.
* * * LOW HITPOINT WARNING * * *
The goblin attacks as you move away! The goblin hits you with a +0 dagger.
You die...

#.........###....#........
#...........'....#........
#........####....#........
#......).# ######........
#........# #........
#........#########........
#................#........
#........g.......#........
#.......g@gg.....#####....
######..ggK.g.... #....
#...g.gg.... #....
#....g...... #.?..
#.....g..... #...........
#........... #...........
#.......)...


You could see Robin, a hobgoblin (strong), 10 goblins and a kobold.

Vanquished Creatures
  2 worms (D:2)
  4 dart slugs
  6 ball pythons
  4 endoplasms
  2 giant cockroaches (D:1)
  A goblin (D:1)
  A kobold (D:2)
  3 quokkas
  2 frilled lizards
  A rat (D:1)
26 creatures vanquished.

Notes
Turn   | Place    | Note
-------+----------+-------------------------------------------
     0 | D:1      | domi the Vine Stalker Brigand began the quest for the Orb.
     0 | D:1      | Reached XP level 1. HP: 11/11 MP: 2/2
    64 | D:1      | Reached skill level 5 in Stealth
    94 | D:1      | Reached XP level 2. HP: 8/15 MP: 0/3
   280 | D:1      | Found Habrihor's Magic Scroll Shoppe.
   328 | D:1      | Reached skill level 1 in Dodging
   433 | D:1      | Reached skill level 2 in Short Blades
   618 | D:2      | Reached skill level 2 in Throwing
   625 | D:2      | Reached skill level 2 in Fighting
   625 | D:2      | Reached XP level 3. HP: 8/18 MP: 4/4
   987 | D:2      | Noticed Jessica
  1114 | D:2      | Noticed Robin
  1119 | D:2      | HP: 4/18 [kobold/+0 short sword (1)]
  1119 | D:2      | HP: 1/18 [goblin/+0 dagger[Robin] (1)]
  1120 | D:2      | Slain by a goblin

Illustrated notes

Levels and vault maps discovered:
D:1:      dpeg_arrival_oval, layout_rooms, serial_shops, nicolae_shop_crystal
D:2:      layout_basic, kennysheep_nondescript, item_on_display_a, uniq_jessica,
          uniq_robin

Skill      XL: |  1  2 |
---------------+-------+-----
Stealth        | 5 |  5.5
Dodging        | 1 |  1.1
Short Blades   | 2 |  2.1
Throwing       | 2 |  2.0
Fighting       | 2 |  2.1
Spellcasting   | |  0.7

Action                     || total
---------------------------++-------
  Melee: Dagger            ||    69
         Bite              ||    22
   Stab: Sleeping          ||     7
 Armour: Robe              ||    12
  Dodge: Dodged            ||    24

Table legend: (Time is in decaauts)
 A = Elapsed time spent in this place.
 B = Non-inter-level travel time spent in this place.
 C = Inter-level travel time spent in this place.
 D = Time resting spent in this place.
 E = Time spent auto-exploring this place.
 F = Levels seen in this place.
 G = Mean time per level.
                   A        B        C        D        E       F      G
               +--------+--------+--------+--------+--------+-----+--------+
         Total |   1113 |   1027 |     86 |     42 |    788 |   2 |  556.5 |
       Dungeon |   1113 |   1027 |     86 |     42 |    788 |   2 |  556.5 |
               +--------+--------+--------+--------+--------+-----+--------+

Top non-repeatable levels by time:
     D:2: 563 daAuts
     D:1: 550 daAuts

Table legend:
 A = Kills in this place as a percentage of kills in entire the game.
 B = Kills by you in this place as a percentage of kills by you in the entire game.
 C = Kills by friends in this place as a percentage of kills by friends in the entire game.
 D = Other kills in this place as a percentage of other kills in the entire game.
 E = Experience gained in this place as a percentage of experience gained in the entire game.
 F = Experience gained in this place divided by the number of levels of this place that you have seen.
                   A       B       C       D       E      F
               +-------+-------+-------+-------+-------+----------------------
         Total | 100.0 | 100.0 |   N/A |   N/A | 100.0 |  30.5
       Dungeon | 100.0 | 100.0 |   N/A |   N/A | 100.0 |  30.5
               +-------+-------+-------+-------+-------+----------------------
